 Dungeon Crawl Stone Soup version 0.29.1-2-gbd0b4ee654 (webtiles) character file.

Game seed: 14041097507932376801

28 Icepheonix32 the Insei (level 2, -2/22 HPs)
             Began as a Demigod Transmuter on Nov 11, 2022.
             Slain by a gnoll
             ... wielding a +0 flail
              (10 damage)
             ... on level 2 of the Dungeon.
             The game lasted 00:02:07 (1507 turns).

Icepheonix32 the Insei (Demigod Transmuter)         Turns: 1507, Time: 00:02:07

Health: -2/22      AC:  3    Str: 11    XL:     2   Next: 75%
Magic:  7/7        EV:  6    Int: 15    God:
Gold:   48         SH:  0    Dex: 14    Spells: 4/5 levels left

rFire   . . .      SeeInvis .     - Unarmed
rCold   . . .      Faith    .   (no shield)
rNeg    . . .      Spirit   .   a - +0 robe
rPois   .          Reflect  .   (no helmet)
rElec   .          Harm     .   (no cloak)
rCorr   .          Rampage  .   (no gloves)
Will    .....                   m - +0 pair of boots
Stlth   +.........              (no amulet)
HPRegen 0.07/turn               f - ring of wizardry
MPRegen 0.10/turn               (no ring)

@: held
A: high MP 1, forlorn, divine attributes
a: no special abilities


You were on level 2 of the Dungeon.
You visited 1 branch of the dungeon, and saw 2 of its levels.

You collected 48 gold pieces.

Inventory:

Armour
 a - a +0 robe (worn)
 m - a +0 pair of boots (worn)
 n - the +1 ring mail of Conscience {rElec rCorr Slay+2}
   (You found it on level 2 of the Dungeon)

   Slay:      It affects your accuracy & damage with ranged weapons and melee
   (+2).
   rElec:     It insulates you from electricity.
   rCorr:     It protects you from acid and corrosion.
Jewellery
 f - a ring of wizardry (left hand)
Scrolls
 d - 2 scrolls of blinking {unknown}
 g - a scroll of amnesia {unknown}
 j - a scroll of fear {unknown}
 k - 2 scrolls of identify {unknown}
 l - a scroll of silence {unknown}
 o - a scroll of teleportation {unknown}
 p - a scroll of enchant weapon {unknown}
Potions
 b - a potion of lignification
 c - a potion of brilliance {unknown}
 e - a potion of attraction {unknown}
 h - 2 potions of heal wounds {unknown}
 i - 2 potions of curing {unknown}


   Skills:
 + Level 0.8 Fighting
 + Level 2.0 Dodging
 + Level 0.1 Stealth
 + Level 3.0 Unarmed Combat
 + Level 2.2 Spellcasting
 + Level 2.2 Transmutations


You had 4 spell levels left.
You knew the following spells:

 Your Spells              Type           Power      Damage    Failure   Level
a - Beastly Appendage     Tmut           16%        N/A       3%          1

Your spell library contained the following spells:

 Spells                   Type           Power      Damage    Failure   Level
 Wereblood                Tmut           8%         N/A       5%          2
 Spider Form              Tmut/Pois      5%         N/A       16%         3
 Ignite Poison            Fire/Tmut/Pois 3%         N/A       19%         3
 Mephitic Cloud           Conj/Pois/Air  1%         N/A       26%         3
 Ice Form                 Ice/Tmut       5%         N/A       45%         4
 Freezing Cloud           Conj/Ice/Air   0%         6-21      91%         5
 Summon Forest            Summ/Tloc      0%         N/A       91%         5
 Summon Mana Viper        Hex/Summ       1%         N/A       91%         5
 Summon Cactus Giant      Summ           0%         N/A       100%        6


Dungeon Overview and Level Annotations

Branches:
Dungeon (2/15)


Innate Abilities, Weirdness & Mutations

You have an increased reservoir of magic. (+10% MP)
You shall have no god before yourself.
Your divine heritage dramatically boosts your attributes as you level up.


Message History

The gnoll shouts!
A gnoll comes into view. It is wielding a +0 whip.
There is a stone staircase leading up here.
The gnoll shouts!
The goblin misses you.
You climb upwards.
There is a stone staircase leading down here.
You grow a pair of large bovine horns.
Your feet morph into talons.
Your +0 pair of boots melds into your body.
The goblin hits you with a +0 dagger.
You barely miss the goblin. The goblin barely misses you.
You closely miss the goblin. Your kick misses the goblin.
The goblin closely misses you.
You closely miss the goblin. You claw the goblin.
Your headbutt misses the goblin.
The goblin is severely wounded.
The goblin hits you but does no damage.
You completely miss the goblin. You headbutt the goblin.
You kill the goblin!
No target in view!
Your transformation is almost over.
Magic restored.
Your horns disappear.
Your talons disappear.
Your +0 pair of boots unmelds from your body.
HP restored.
p - a scroll labelled QUWUINIGYD You see here a +0 dagger.
Unknown command.
There is a stone staircase leading down, spattered with blood here.
You climb downwards.
The gnoll completely misses you.
The gnoll throws a throwing net.
The throwing net hits you.
You become entangled in the net!
The gnoll hits you with a +0 flail.
There is a stone staircase leading up here.
You see here a throwing net.
You struggle against the net.
The gnoll hits you with a +0 flail. The gnoll hits you but does no damage.
You struggle against the net.
The gnoll hits you from afar with a +0 spear.
The gnoll hits you with a +0 flail!
You die...

...##.........##...#
......#.....g....g...g.
#.##...#...#####...#..
#..#..#....### ....# .
.##...........#.#.....
................#...#####
........g.....##..... .#
####...g............###..
####....@................
................##.......
.###...........รท.........
# #..........##<##......
#. #..........##..###....
#..###.#####.#####.###....
#......# #.# ###......#.
#..#....# #.###.......##.
####.### #.##..##.#.....


You could see 3 gnolls.

Vanquished Creatures
  A dart slug (D:2)
  3 bats (D:1)
  A giant cockroach (D:1)
  3 goblins (D:1)
  2 hobgoblins (D:1)
  3 quokkas
  5 ball pythons
  2 frilled lizards (D:1)
  3 kobolds
  2 rats (D:1)
25 creatures vanquished.

Notes
Turn   | Place    | Note
-------+----------+-------------------------------------------
     0 | D:1      | Icepheonix32 the Demigod Transmuter began the quest for the
                  | Orb.
     0 | D:1      | Reached XP level 1. HP: 15/15 MP: 5/5
   633 | D:1      | Reached XP level 2. HP: 21/22 MP: 5/7
  1234 | D:2      | Reached skill level 3 in Unarmed Combat
  1342 | D:2      | Identified the +1 ring mail of Conscience {rElec rCorr
                  | Slay+2}
  1507 | D:2      | Slain by a gnoll

Illustrated notes

Levels and vault maps discovered:
D:1:      eino_arrival_cavern_d, layout_basic, serial_curves, eino_curves_02,
          eino_curves_01, st_stairs_9, minmay_misc_feat_enclosed
D:2:      layout_rooms, ebering_ecumenical_altar_webs, minmay_statues_item,
          uniq_jessica

Skill      XL: |  1  2 |
---------------+-------+-----
Transmutations | 2 |  2.2
Spellcasting   | 2 |  2.2
Dodging        | 2 |  2.0
Unarmed Combat | 3 |  3.0
Fighting       | |  0.8
Stealth        | |  0.1

Action                   || total
-------------------------++-------
Melee: Unarmed           ||    57
       Headbutt          ||     7
       Kick              ||    15
       Punch             ||     2
 Cast: Beastly Appendage ||    20
 Stab: Sleeping          ||     1
Armor: Robe              ||    12
Dodge: Dodged            ||    32
